 Dungeon Crawl Stone Soup version 0.22.0-49-gab54619 (webtiles) character file.

625233 Loudmushroom the Slayer (level 27, -1/164 HPs)
             Began as a Gargoyle Fighter on Aug 27, 2018.
             Was a High Priest of Okawaru.
             Slain by an electric golem (6 damage)
             ... on level 5 of the Realm of Zot on Sept 3, 2018.
             The game lasted 11:20:35 (103563 turns).

Loudmushroom the Slayer (Gargoyle Fighter)        Turns: 103563, Time: 11:20:35

Health: -1/164     AC: 61    Str: 23    XL:     27
Magic:  34/35      EV: 13    Int: 15    God:    Okawaru [*****.]
Gold:   4134       SH: 41    Dex: 19    Spells: 20/26 levels left

rFire    + + .     SeeInvis .   a - +9 broad axe (flame)
rCold    + . .     Gourm    .   g - +18 shield of the Gong {rElec rN+ MR+ EV-5}
rNeg     + + +     Faith    .   E - +12 gold dragon scales of the Snake Pit {rPois rF+ rC+ MR- Dex+2 Slay+3}
rPois    ∞         Spirit   .   (no helmet)
rElec    +         Reflect  +   J - +2 cloak {MR+}
rCorr    .         Harm     .   P - +2 pair of gloves {archery}
MR       +++++                  m - +0 pair of boots of True Grit {rN+ MR++ Int+2 Stlth-}
Stlth    ..........             n - +4 amulet of reflection
HPRegen  0.37/turn              O - ring of protection from magic
MPRegen  0.24/turn              r - ring of protection from fire

@: about to teleport, heroism, flying, slowed, very slow
A: big wings, thin skeletal structure 1, deformed body, frail 1, negative energy
resistance 1, electricity resistance, unbreathing, petrification resistance, rot
immunity, subdued magic 2, AC +20
}: 3/15 runes: decaying, silver, gossamer
a: Stop Flying, Heroism, Finesse, Renounce Religion


You were on level 5 of the Realm of Zot.
You worshipped Okawaru.
Okawaru was extremely pleased with you.
You were not hungry.

You visited 10 branches of the dungeon, and saw 50 of its levels.

You collected 6386 gold pieces.
You spent 2252 gold pieces at shops.

Inventory:

Hand Weapons
 a - a +9 broad axe of flaming (weapon)
 b - the +4 hunting sling of Dishonesty {flame, rC+ MP+9 Int+4}
   (Okawaru gifted it to you on level 2 of the Realm of Zot)

   It causes projectiles fired from it to burn those they strike, causing extra
   injury to most foes and up to half again as much damage against particularly
   susceptible opponents.
   It affects your intelligence (+4).
   It protects you from cold.
   It affects your magic capacity (+9).
Missiles
 p - 11 javelins of penetration (quivered)
 w - 387 sling bullets
Armour
 g - the +18 shield of the Gong (worn) {rElec rN+ MR+ EV-5}
   (Okawaru gifted it to you on level 3 of the Realm of Zot)

   It affects your evasion (-5).
   It insulates you from electricity.
   It protects you from negative energy.
   It affects your resistance to hostile enchantments.
 i - a scarf of spirit shield
 j - a +2 hat of see invisible
 m - the +0 pair of boots of True Grit (worn) {rN+ MR++ Int+2 Stlth-}
   (You acquired it on level 4 of the Vaults)

   It affects your intelligence (+2).
   It protects you from negative energy.
   It affects your resistance to hostile enchantments.
   It makes you less stealthy.
 z - the -2 hat of the Alchemist {rElec rPois rF+ rC+ rN+ MR+ rMut rCorr}
   (Okawaru gifted it to you on level 4 of the Realm of Zot)

   It protects you from fire.
   It protects you from cold.
   It insulates you from electricity.
   It protects you from poison.
   It protects you from negative energy.
   It affects your resistance to hostile enchantments.
   It provides partial protection from all sources of acid and corrosion.
   It protects you from mutation.
 E - the +12 gold dragon scales of the Snake Pit (worn) {rPois rF+ rC+ MR- Dex+2 Slay+3}
   (You bought it in a shop on level 2 of the Vaults)

   It affects your dexterity (+2).
   It affects your accuracy and damage with ranged weapons and melee attacks
   (+3).
   It protects you from fire.
   It protects you from cold.
   It protects you from poison.
   It affects your resistance to hostile enchantments.
 J - a +2 cloak of magic resistance (worn)
 P - a +2 pair of gloves of archery (worn)
Jewellery
 d - an uncursed ring of protection from magic
 n - a +4 amulet of reflection (around neck)
 r - a ring of protection from fire (right hand)
 O - a ring of protection from magic (left hand)
Wands
 v - a wand of disintegration (25)
 G - a wand of digging (42)
 H - a wand of flame (145)
 Q - a wand of random effects (57)
 S - a wand of acid (18)
 V - a wand of clouds (7)
 W - a wand of paralysis (57)
Scrolls
 e - 4 scrolls of blinking
 h - 7 scrolls of teleportation
 l - a scroll of holy word
 C - 6 scrolls of fog
 D - 5 scrolls of immolation
 I - 8 scrolls of magic mapping
 K - 21 scrolls of remove curse
 T - 3 scrolls of summoning
 U - 11 scrolls of identify
 Y - 7 scrolls of fear
Potions
 k - 7 potions of agility
 o - 5 potions of resistance
 q - 7 potions of haste
 s - 2 potions of mutation
 u - 18 potions of curing
 A - 4 potions of cancellation
 B - a potion of brilliance
 L - 2 potions of invisibility
 M - 7 potions of heal wounds
 X - 6 potions of might
 Z - 6 potions of lignification
Miscellaneous
 c - a phial of floods
 t - a lightning rod (4/4)
 x - a phantom mirror
 y - 4 boxes of beasts
 F - 6 sacks of spiders
 N - a fan of gales
Comestibles
 f - 28 rations


   Skills:
 + Level 21.5(26.5) Fighting
 - Level 19.8(24.8) Axes
 - Level 17.6(22.6) Armour
 * Level 15.7(20.7) Dodging
 + Level 21.4(26.4) Shields
 + Level 8.5 Charms
 + Level 10.1 Summonings
 + Level 7.7 Necromancy
 + Level 7.7 Air Magic
 - Level 16.1 Invocations
 + Level 7.9 Evocations


You had 20 spell levels left.
You knew the following spells:

 Your Spells              Type           Power        Failure   Level  Hunger
a - Summon Butterflies    Summ           ###.....     3%          1    ##.....
b - Regeneration          Chrm/Necr      ###.......   28%         3    ####...
c - Swiftness             Chrm/Air       ###.....     14%         2    ###....

Your spell library contained the following spells:

 Spells                   Type           Power        Failure   Level  Hunger
 Summon Small Mammal      Summ           ###.         3%          1    ##.....
 Call Imp                 Summ           ###.....     5%          2    ###....
 Infusion                 Chrm           ###.         7%          1    ##.....
 Animate Skeleton         Necr           N/A          11%         1    ##.....
 Song of Slaying          Chrm           ###.....     12%         2    ###....
 Call Canine Familiar     Summ           ###.....     12%         3    ####...
 Corpse Rot               Necr           N/A          16%         2    ###....
 Shock                    Conj/Air       #...         50%         1    ##.....
 Shroud of Golubria       Chrm/Tloc      #.........   58%         2    ###....
 Summon Lightning Spire   Summ/Air       ###.....     58%         4    #####..
 Poisonous Vapours        Pois/Air       #.....       67%         2    ###....
 Recall                   Summ/Tloc      N/A          73%         3    ####...
 Summon Guardian Golem    Hex/Summ       #.......     73%         3    ####...
 Airstrike                Air            ##........   77%         4    #####..
 Animate Dead             Necr           N/A          77%         4    #####..
 Ozocubu's Armour         Chrm/Ice       #.......     83%         3    ####...
 Spectral Weapon          Hex/Chrm       #.......     83%         3    ####...
 Static Discharge         Conj/Air       #.......     88%         3    ####...
 Apportation              Tloc           #.....       97%         1    ##.....
 Beastly Appendage        Tmut           #.....       97%         1    ##.....
 Confusing Touch          Hex            #.....       97%         1    ##.....
 Corona                   Hex            #......      97%         1    ##.....
 Flame Tongue             Conj/Fire      #....        97%         1    ##.....
 Freeze                   Ice            #...         97%         1    ##.....
 Magic Dart               Conj           #...         97%         1    ##.....
 Sandblast                Erth           #.....       97%         1    ##.....
 Sting                    Conj/Pois      #...         97%         1    ##.....
 Mephitic Cloud           Conj/Pois/Air  #.......     97%         3    ####...
 Excruciating Wounds      Chrm/Necr      ###.......   97%         5    ######.
 Agony                    Necr           ##......     98%         5    ######.
 Dispel Undead            Necr           ##......     98%         5    ######.
 Blink                    Tloc           N/A          99%         2    ###....
 Ensorcelled Hibernation  Hex/Ice        #.....       99%         2    ###....
 Passwall                 Tmut/Erth      #.......     99%         2    ###....
 Slow                     Hex            #.......     99%         2    ###....
 Sticks to Snakes         Tmut           #.......     99%         2    ###....
 Throw Flame              Conj/Fire      #.....       99%         2    ###....
 Throw Frost              Conj/Ice       #.....       99%         2    ###....
 Summon Ice Beast         Ice/Summ       #.......     99%         4    #####..
 Confuse                  Hex            #.......     100%        3    ####...
 Conjure Flame            Conj/Fire      #.......     100%        3    ####...
 Dazzling Spray           Conj/Hex       #.....       100%        3    ####...
 Gell's Gravitas          Tloc           #.........   100%        3    ####...
 Ignite Poison            Fire/Tmut/Pois #.......     100%        3    ####...
 Inner Flame              Hex/Fire       #.......     100%        3    ####...
 Lesser Beckoning         Tloc           #.........   100%        3    ####...
 Spider Form              Tmut/Pois      #.........   100%        3    ####...
 Stone Arrow              Conj/Erth      #.....       100%        3    ####...
 Teleport Other           Tloc           #.......     100%        3    ####...
 Tukima's Dance           Hex            #.......     100%        3    ####...
 Cause Fear               Hex            #.........   100%        4    #####..
 Force Lance              Conj/Tloc      #.......     100%        4    #####..
 Ice Form                 Ice/Tmut       #.......     100%        4    #####..
 Olgreb's Toxic Radiance  Pois           #.......     100%        4    #####..
 Passage of Golubria      Tloc           N/A          100%        4    #####..
 Petrify                  Tmut/Erth      #.......     100%        4    #####..
 Sticky Flame             Conj/Fire      #.......     100%        4    #####..
 Throw Icicle             Conj/Ice       #.......     100%        4    #####..
 Alistair's Intoxication  Tmut/Pois      #.......     100%        5    ######.
 Blade Hands              Tmut           #.........   100%        5    ######.
 Bolt of Draining         Conj/Necr      #.........   100%        5    ######.
 Borgnjor's Vile Clutch   Necr/Erth      #.........   100%        5    ######.
 Fireball                 Conj/Fire      #.........   100%        5    ######.
 Irradiate                Conj/Tmut      #.........   100%        5    ######.
 Lee's Rapid Deconstruct  Erth           #.........   100%        5    ######.
 Lightning Bolt           Conj/Air       #.........   100%        5    ######.
 Metabolic Englaciation   Hex/Ice        #.........   100%        5    ######.
 Silence                  Hex/Air        #.........   100%        5    ######.
 Summon Mana Viper        Hex/Summ       #.......     100%        5    ######.
 Venom Bolt               Conj/Pois      #.........   100%        5    ######.
 Yara's Violent Unravell  Hex/Tmut       #.........   100%        5    ######.
 Bolt of Cold             Conj/Ice       #.........   100%        6    #######
 Bolt of Fire             Conj/Fire      #.........   100%        6    #######
 Darkness                 Hex            #.........   100%        6    #######
 Death Channel            Necr           ##........   100%        6    #######
 Deflect Missiles         Chrm/Air       ###.......   100%        6    #######
 Freezing Cloud           Conj/Ice/Air   #.........   100%        6    #######
 Invisibility             Hex            #.......     100%        6    #######
 Ozocubu's Refrigeration  Ice            #.........   100%        6    #######
 Shadow Creatures         Summ           N/A          100%        6    #######
 Simulacrum               Ice/Necr       #.........   100%        6    #######
 Malign Gateway           Summ/Tloc      #.........   100%        7    #######
 Monstrous Menagerie      Summ           ###.......   100%        7    #######
 Ring of Flames           Chrm/Fire      #.........   100%        7    #######
 Summon Greater Demon     Summ           ###.......   100%        7    #######
 Summon Hydra             Summ           ###.......   100%        7    #######
 Discord                  Hex            #.........   100%        8    #######
 Ignition                 Fire           #.........   100%        8    #######
 Summon Horrible Things   Summ           ###.......   100%        8    #######
 Shatter                  Erth           #.........   100%        9    #######
 Tornado                  Air            ##........   100%        9    #######
 Sublimation of Blood     Necr           Unusable     N/A         2    N/A

Dungeon Overview and Level Annotations

Branches:
Dungeon (15/15)            Temple (1/1) D:6            Lair (6/6) D:9
  Swamp (4/4) Lair:3       Spider (4/4) Lair:2        Slime (0/5) Lair:5
    Orc (2/2) D:10            Elf (3/3) Orc:2        Vaults (5/5) D:14
  Crypt (0/3) Vaults:3     Depths (5/5) D:15            Zot (5/5) Depths:5

Altars:
Ashenzari
Cheibriados
Dithmenos
Fedhas
Gozag
Hepliaklqana
Kikubaaqudgha
Makhleb
Nemelex Xobeh
Okawaru
Qazlal
Ru
Sif Muna
Trog
Uskayaw
Vehumet
Wu Jian
Xom
Yredelemnul
Zin
The Shining One
Beogh
Jiyva
Lugonu

Shops:
D:5 (   D:6 !   D:8 [   Orc:2 (=[*[   Elf:3 (   Vaults:1 *   Vaults:2 [
Vaults:3 *   Vaults:5 ?   Depths:2 (=}=*   Depths:3 *

Portals:
Hell: Depths:1 Depths:2 Depths:3 Depths:4 Depths:5
Abyss: Depths:3 Depths:4*
Pandemonium: Depths:1 Depths:3
Ziggurat: Depths:4
Trove: Depths:5 (show abyssal rune of Zot)

Annotations:
Lair:5 exclusion: 2 oklob plants
Swamp:4 Lernaean hydra


Innate Abilities, Weirdness & Mutations

You are resistant to torment.
Your stone body is resilient. (AC +20)
You are immune to poison.
Your large and strong wings let you fly indefinitely.
You resist negative energy. (rN+)
You are resistant to electric shocks. (rElec)
You can survive without breathing.
You are immune to petrification.
You are immune to rotting.
You have a somewhat thin skeletal structure. (Dex +2, Stealth)
Armour fits poorly on your strangely shaped body.
You are frail. (-10% HP)
Your spells are easier to cast, but less powerful.


Message History

The electric golem hits you but does no damage.
You block the electric golem's attack.
PTOANNNG!
The electric golem hits you but does no damage.
You block the Orb Guardian's attack.
GONNNNG!
The electric golem hits you!
* * * LOW HITPOINT WARNING * * *
The electric golem shocks you! You resist.
* * * LOW HITPOINT WARNING * * *
The electric golem hits you but does no damage.
You block the electric golem's attack.
SHROANNG!
You block the electric golem's attack.
BOUMMMMG!
You hear a distant "Zot"!
The Orb Guardian hits you but does no damage.
The electric golem hits you.
* * * LOW HITPOINT WARNING * * *
The electric golem shocks you. You resist.
You die...

#...............## .
##.........=...## #.
#.............# #.
##...........## #.
#...........# #.
##.d.........##
#..D..........#
##..8..........##
#..@XzXy........#
#########▓
▓########.########▓
#........#
#....#............#
.........#
#....#...#.....⌠..#
.........#
#....#..###'####..# .
.........#
#..).#..##....##..# .
.........#
#....#.........#..#..
.........#
#....#...†.[)).#..#..
#........#
#....#......<..#..'..


You could see an electric golem, a storm dragon, a black draconian, a death cob,
2 Orb Guardians and a moth of wrath.

Vanquished Creatures
  Tiamat (Zot:3)
  An orb of fire (Zot:3)
  A juggernaut (Depths:4)
  3 ancient liches
  Sojobo (Depths:2)
  4 Killer Klowns
  Frederick (Depths:5)
  Xtahua (Vaults:3)
  Saint Roka (Vaults:3)
  A caustic shrike (Depths:3)
  12 golden dragons
  Arachne (Spider:3)
  An electric golem (Zot:5)
  7 tentacled monstrosities
  7 Orb Guardians
  Rupert (Lair:4)
  6 liches
  The ghost of HEYYEYAAE the Impaler, an adept DgGl (Elf:3)
  7 quicksilver dragons
  2 titans (Vaults:4)
  3 sphinxes
  5 deep elf blademasters
  14 death cobs
  Kirke (Spider:2)
  A thorn hunter (Swamp:4)
  12 shadow dragons
  7 tengu reavers
  12 draconian monks
  19 storm dragons
  10 fire giants
  7 deep elf sorcerers
  9 draconian knights
  14 vault wardens
  7 ghost moths
  4 orc warlords
  12 frost giants
  Louise (Spider:3)
  An iron dragon (Vaults:4)
  7 emperor scorpions
  7 draconian scorchers
  3 deep elf elementalists (Elf:3)
  5 draconian stormcallers
  6 draconian annihilators
  2 war gargoyles
  2 ghouls
  5 draconian shifters
  3 spriggan defenders
  14 stone giants
  17 very ugly things
  18 ironheart preservers
  3 vampire knights
  13 green draconians
  2 entropy weavers
  10 deep elf demonologists
  Azrael (Orc:1)
  8 deep elf annihilators
  13 black draconians
  21 white draconians
  2 minotaurs (Elf:3)
  6 dire elephants
  12 spark wasps
  12 yellow draconians
  10 deep elf death magi
  21 purple draconians
  17 red draconians
  23 ettins
  3 merfolk impalers (Elf:3)
  15 fire dragons
  9 deep elf high priests
  9 great orbs of eyes
  The ghost of sefi the Skirmisher, a journeyman DsGl of Vehumet (Orc:1)
  6 rakshasas
  17 ice dragons
  20 hydras
  33 vault guards
  9 yaktaur captains
  A ghost crab (Swamp:1)
  A catoblepas (Lair:6)
  A spriggan air mage (Depths:4)
  5 centaur warriors
  21 alligators
  An anaconda (Lair:6)
  21 dancing weapons
  34 two-headed ogres
  6 death knights
  15 ogre magi
  4 tengu warriors
  13 deep troll shamans
  6 vampire magi
  11 deep troll earth magi
  4 orc high priests
  8 spriggan berserkers
  12 hell knights
  17 deep elf knights
  3 iron trolls
  2 soul eaters
  A shadow wraith (Vaults:2)
  A skeletal warrior (D:14)
  A deep troll (shapeshifter) (Vaults:4)
  4 flayed ghosts
  A torturous demonspawn (Depths:1)
  A spriggan druid (Swamp:2)
  4 glowing orange brains
  2 shadow demons
  Pikel (D:4)
  An unseen horror (Vaults:1)
  37 deep trolls
  13 deep elf archers
  11 necromancers
  10 swamp dragons
  6 phantasmal warriors
  4 shambling mangroves
  13 orb spiders
  14 orc knights
  13 ironbrand convokers
  5 wizards
  57 deep elf magi
  34 ugly things
  A wolf spider (shapeshifter) (Depths:3)
  8 orc sorcerers
  A manticore (shapeshifter) (D:12)
  2 salamanders (shapeshifter)
  28 moths of wrath
  3 manticores
  21 wolf spiders
  7 cyclopes
  4 elephants (Lair:6)
  3 centaur zombies
  5 black mambas
  An eye of devastation (shapeshifter) (Vaults:4)
  11 vault sentinels
  A black mamba (shapeshifter) (D:15)
  A guardian serpent (shapeshifter) (Vaults:3)
  17 spiny frogs
  Maurice (D:11)
  An orange demon (Depths:3)
  A spiny frog (shapeshifter) (Depths:5)
  A torpor snail (shapeshifter) (D:14)
  4 rime drakes
  21 yaktaurs
  8 freezing wraiths
  4 ice devils
  11 komodo dragons
  3 meliai (D:13)
  A meliai (shapeshifter) (Elf:3)
  6 demonic crawlers
  A tengu conjurer (Depths:3)
  A troll (shapeshifter) (D:14)
  10 jumping spiders
  19 tyrant leeches
  2 jumping spiders (shapeshifter)
  A queen bee (shapeshifter) (Depths:1)
  11 trolls
  A polar bear (shapeshifter) (Depths:1)
  2 polar bears (Lair:6)
  15 blink frogs
  21 hornets
  12 hippogriffs
  15 bog bodies
  5 dream sheep
  A hippogriff (shapeshifter) (D:14)
  53 slime creatures
  2 spriggans (shapeshifter)
  An air elemental (Elf:1)
  39 redbacks
  12 spriggans
  A shadow (Swamp:1)
  21 tarantellas
  A centaur simulacrum (D:12)
  A ynoxinul (Depths:3)
  8 water elementals
  A wyvern (Lair:4)
  A yak (shapeshifter) (D:11)
  3 vampires
  5 wraiths
  4 hungry ghosts
  Grum (D:11)
  A steam dragon (shapeshifter) (Vaults:5)
  5 hogs
  70 yaks
  8 basilisks
  2 fire elementals (Orc:1)
  13 vampire mosquitoes
  A neqoxec (Depths:1)
  Menkaure (D:4)
  13 swamp worms
  A soldier ant (D:15)
  6 wargs
  6 insubstantial wisps
  An acid dragon (Vaults:2)
  6 hell hounds (Orc:1)
  A floating eye (Depths:3)
  16 water moccasins
  58 orc warriors
  5 porcupines
  14 swamp drakes
  3 black bears
  3 slaves
  4 sky beasts
  4 phantoms
  7 ice beasts
  14 boggarts
  2 necrophages
  37 ogres
  12 wolves
  14 crocodiles
  3 big kobolds
  15 centaurs
  A human zombie (Vaults:1)
  18 bullfrogs
  7 earth elementals
  A gnoll sergeant (D:9)
  2 human skeletons (Vaults:1)
  3 scorpions
  A water moccasin skeleton (D:10)
  14 wights
  18 killer bees
  4 electric eels
  A howler monkey (D:4)
  6 crimson imps
  4 bullfrog zombies
  7 jellies
  A quasit (Depths:3)
  3 hounds
  34 orc wizards
  6 bullfrog skeletons
  7 centaur skeletons
  38 orc priests
  An iron imp (Depths:3)
  Ijyb (D:4)
  5 worker ants
  9 iguanas
  A hound skeleton (D:11)
  A worker ant zombie (D:8)
  A howler monkey zombie (D:6)
  8 gnolls
  2 howler monkey skeletons
  18 adders
  8 shadow imps
  4 oozes
  4 adder zombies
  3 adder skeletons
  3 worms
  4 dart slugs
  5 leopard geckos
  117 orcs
  9 bats
  4 giant cockroaches
  6 goblins
  8 hobgoblins
  17 kobolds
  10 quokkas
  3 ball pythons
  3 frilled lizards
  A jackal skeleton (D:6)
  A jackal zombie (D:6)
  2 quokka skeletons
  A quokka zombie (D:6)
  12 rats
  A spectral orc (D:4)
  5 fungi
  8 plants
2259 creatures vanquished.

Vanquished Creatures (collateral kills)
  the Lernaean hydra (Swamp:4)
  A hydra (Swamp:4)
2 creatures vanquished.

Vanquished Creatures (others)
  A ghost moth (Spider:4)
  A vault warden (Vaults:5)
  3 stone giants
  A deep elf annihilator (Elf:3)
  2 merfolk javelineers (Depths:1)
  5 yaktaur captains
  5 centaur warriors
  A vampire mage (Depths:2)
  A deep troll (Depths:3)
  2 deep elf archers
  A necromancer (Zot:3)
  2 deep elf magi
  A vault sentinel (Vaults:4)
  20 yaktaurs
  A slime creature (Swamp:1)
  A yak (Lair:5)
  4 centaurs
  A boggart (Vaults:3)
  4 orcs
  A kobold (D:13)
  8 fungi
  5 plants
71 creatures vanquished.

Grand Total: 2332 creatures vanquished

Notes
Turn   | Place    | Note
-------+----------+-------------------------------------------
     0 | D:1      | Loudmushroom the Gargoyle Fighter began the quest for the
                  | Orb.
     0 | D:1      | Reached XP level 1. HP: 14/14 MP: 1/1
   173 | D:1      | Reached XP level 2. HP: 15/19 MP: 2/2
   525 | D:1      | Reached XP level 3. HP: 23/23 MP: 3/3
  1239 | D:2      | Reached XP level 4. HP: 27/29 MP: 4/4
  2225 | D:3      | Reached XP level 5. HP: 25/33 MP: 5/5
  2692 | D:3      | Found a sacrificial altar of Ru.
  3051 | D:4      | Found an opulent altar of Gozag.
  3092 | D:4      | Noticed Ijyb
  3095 | D:4      | Reached XP level 6. HP: 38/38 MP: 6/6
  3112 | D:4      | Killed Ijyb
  3290 | D:4      | Found a basalt altar of Yredelemnul.
  3385 | D:4      | Noticed Menkaure
  3397 | D:4      | Killed Menkaure
  3403 | D:4      | Noticed a phantom
  3695 | D:4      | Killed a phantom
  3695 | D:4      | Reached XP level 7. HP: 34/44 MP: 5/7
  4345 | D:5      | Entered Level 5 of the Dungeon
  4345 | D:5      | Found Warisata's Antique Weapon Emporium.
  4526 | D:5      | Reached skill level 5 in Armour
  4526 | D:5      | Reached skill level 5 in Shields
  4815 | D:5      | Noticed Pikel
  4898 | D:4      | Killed Pikel
  4898 | D:4      | Reached skill level 5 in Fighting
  4898 | D:4      | Reached skill level 5 in Axes
  4898 | D:4      | Reached XP level 8. HP: 34/50 MP: 8/8
  5424 | D:5      | Bought a glowing broad axe for 182 gold pieces
  5531 | D:6      | Found a shimmering altar of Xom.
  5540 | D:6      | Found a shimmering altar of Xom.
  5695 | D:6      | Found a shimmering altar of Xom.
  5755 | D:6      | You fall through a shaft for 3 floors!
  5755 | D:9      | Found a sparkling altar of Nemelex Xobeh.
  6077 | D:8      | Reached XP level 9. HP: 43/55 MP: 4/9
  6133 | D:8      | Found a shattered altar of Ashenzari.
  6391 | D:8      | Found Sivymufuj's Antique Armour Emporium.
  6598 | D:7      | Found an iron altar of Okawaru.
  6601 | D:7      | Became a worshipper of Warmaster Okawaru
  6650 | D:7      | Reached skill level 1 in Invocations
  6808 | D:7      | Reached skill level 1 in Evocations
  6866 | D:7      | Reached * piety under Okawaru
  6960 | D:6      | Found Pelozxip's Distillery.
  6985 | D:6      | Found a staircase to the Ecumenical Temple.
  7019 | Temple   | Entered the Ecumenical Temple
  7662 | D:6      | Reached XP level 10. HP: 57/63 MP: 9/11
  8096 | D:7      | Reached ** piety under Okawaru
  8788 | D:8      | Found a glowing silver altar of Zin.
  8789 | D:8      | Noticed an angel
  8925 | D:9      | Found a hazy altar of Hepliaklqana.
  9316 | D:9      | Found a blossoming altar of Fedhas.
  9373 | D:9      | Found a staircase to the Lair.
  9560 | D:10     | Entered Level 10 of the Dungeon
  9576 | D:10     | Reached *** piety under Okawaru
  9608 | D:10     | Found a roughly hewn altar of Beogh.
  9608 | D:10     | Found a staircase to the Orcish Mines.
  9872 | D:10     | Noticed a two-headed ogre
  9920 | D:10     | Killed a two-headed ogre
 10345 | D:10     | Reached XP level 11. HP: 66/68 MP: 14/14
 10384 | D:9      | Reached **** piety under Okawaru
 10823 | D:10     | Noticed a two-headed ogre
 10839 | D:10     | Killed a two-headed ogre
 10954 | D:10     | Found a deep blue altar of Sif Muna.
 11443 | D:10     | Reached skill level 5 in Invocations
 11517 | D:10     | Found a sacrificial altar of Ru.
 11529 | D:10     | Got a jasper-studded leather armour
 11599 | D:10     | Noticed a two-headed ogre
 11610 | D:10     | Killed a two-headed ogre
 11610 | D:10     | Reached ***** piety under Okawaru
 11722 | D:10     | Identified the +3 leather armour "Zuxaz" {rPois MR- rCorr
                  | Dex+4} (You found it on level 10 of the Dungeon)
 11809 | Lair:1   | Entered Level 1 of the Lair of Beasts
 11822 | D:9      | Received a gift from Okawaru
 12017 | Lair:1   | Reached skill level 10 in Axes
 12326 | Lair:1   | Found an iron altar of Okawaru.
 12900 | Lair:1   | Got a warped ring mail
 12920 | Lair:1   | Identified the +5 ring mail of Wimoaklu {rN+} (You found it
                  | on level 1 of the Lair of Beasts)
 12995 | Lair:1   | Reached XP level 12. HP: 67/76 MP: 13/16
 13178 | Lair:1   | Noticed a seven-headed hydra
 13198 | Lair:1   | Killed a seven-headed hydra
 13198 | Lair:1   | Received a gift from Okawaru
 13198 | Lair:1   | Reached skill level 5 in Evocations
 14098 | Lair:2   | Found a hole to the Spider Nest.
 14768 | Spider:1 | Entered Level 1 of the Spider Nest
 15361 | Lair:3   | Noticed a four-headed hydra
 15375 | Lair:3   | Killed a four-headed hydra
 15783 | Lair:3   | Found a staircase to the Swamp.
 15793 | Swamp:1  | Entered Level 1 of the Swamp
 15793 | Swamp:1  | Noticed an alligator
 15793 | Swamp:1  | Noticed a six-headed hydra
 15814 | Lair:3   | Noticed a seven-headed hydra
 15823 | Lair:3   | Killed a seven-headed hydra
 15823 | Lair:3   | Received a gift from Okawaru
 15886 | Lair:3   | Reached skill level 10 in Shields
 15913 | Lair:3   | Reached skill level 10 in Fighting
 15924 | Lair:3   | Reached skill level 10 in Armour
 16417 | Lair:3   | Reached XP level 13. HP: 75/82 MP: 16/18
 16503 | Lair:3   | Found the +8 whip "Snakebite" {curare, rPois}
 17529 | Lair:4   | Noticed Rupert
 17550 | Lair:4   | Killed Rupert
 17624 | Lair:4   | Received a gift from Okawaru
 18052 | Lair:5   | Found a staircase to the Slime Pits.
 19084 | Lair:6   | Entered Level 6 of the Lair of Beasts
 19347 | Lair:6   | Reached ****** piety under Okawaru
 19558 | Lair:6   | Received a gift from Okawaru
 19566 | Lair:6   | Got a pair of smoking gloves {god gift}
 19572 | Lair:6   | Identified the -4 pair of gloves of Instinct {rC+} (Okawaru
                  | gifted it to you on level 6 of the Lair of Beasts)
 19953 | Lair:6   | Gained mutation: Your large and strong wings let you fly
                  | indefinitely. [Gargoyle growth]
 19953 | Lair:6   | Reached XP level 14. HP: 85/90 MP: 17/20
 20092 | Lair:6   | Found an opulent altar of Gozag.
 20505 | D:11     | Noticed Grum
 20523 | D:11     | Killed Grum
 20911 | D:11     | Noticed Maurice
 20929 | D:11     | Killed Maurice
 21264 | D:11     | Got a fine whip {venom}
 21265 | D:11     | Identified the +3 whip of Integrity {venom, Dex+6 SInv}
                  | (You took it off a vampire on level 11 of the Dungeon)
 21923 | D:11     | Identified the Volume of the Volcanoes
 22920 | D:12     | Noticed a sphinx
 22938 | D:12     | Paralysed by a sphinx for 6 turns
 22946 | D:12     | Killed a sphinx
 23259 | Orc:1    | Entered Level 1 of the Orcish Mines
 23445 | Orc:1    | Found a roughly hewn altar of Beogh.
 23698 | Orc:2    | Entered Level 2 of the Orcish Mines
 23708 | Orc:2    | Received a gift from Okawaru
 23713 | Orc:2    | Got a pair of smoking gloves {god gift}
 23727 | Orc:1    | Identified the +3 pair of gloves of Odghydei {rElec rCorr
                  | Str-5 Dex+9} (Okawaru gifted it to you on level 2 of the
                  | Orcish Mines)
 24014 | Orc:2    | Noticed Azrael
 24041 | Orc:1    | Killed Azrael
 24450 | Orc:2    | Reached skill level 10 in Invocations
 24494 | Orc:2    | Noticed an orc warlord
 24550 | Orc:1    | Killed an orc warlord
 24550 | Orc:1    | Reached XP level 15. HP: 33/96 MP: 6/22
 25792 | Orc:2    | Found Emenik's Armour Shoppe.
 26295 | Orc:1    | Found a runed door.
 26295 | Orc:1    | Noticed sefi's ghost (journeyman DsGl)
 26472 | Orc:1    | Killed sefi's ghost
 26977 | Orc:2    | Found a staircase to the Elven Halls.
 27226 | Orc:2    | Paralysed by an orc sorcerer for 7 turns
 27239 | Orc:2    | Received a gift from Okawaru
 27375 | Orc:2    | Found Niurgh's Antique Armour Emporium.
 27375 | Orc:2    | Found Zeckod's Antique Weapon Shoppe.
 27377 | Orc:2    | Found Deheivocwo's General Store.
 27377 | Orc:2    | Found Xazo's Jewellery Emporium.
 28332 | Lair:3   | Received a gift from Okawaru
 28338 | Lair:3   | Got a scorched lajatang {god gift}
 28344 | Lair:3   | Identified the +5 lajatang of Zeunudev {freeze, rF+}
                  | (Okawaru gifted it to you on level 3 of the Lair of Beasts)
 29683 | Swamp:2  | Received a gift from Okawaru
 31067 | Swamp:3  | Received a gift from Okawaru
 31184 | Swamp:3  | Reached XP level 16. HP: 103/103 MP: 24/24
 31776 | Swamp:4  | Entered Level 4 of the Swamp
 31930 | Swamp:4  | Noticed a thorn hunter
 31943 | Swamp:4  | Killed a thorn hunter
 32651 | Swamp:3  | Reached skill level 15 in Axes
 33342 | Swamp:4  | Noticed the 27-headed Lernaean hydra
 33346 | Swamp:4  | Killed the 27-headed Lernaean hydra
 33346 | Swamp:4  | Received a gift from Okawaru
 33357 | Swamp:4  | Got a decaying rune of Zot
 33388 | Swamp:4  | Got a pair of smoking gloves {god gift}
 33399 | Swamp:4  | Identified the +2 pair of gloves of the Crown {rC+ Str+2}
                  | (Okawaru gifted it to you on level 4 of the Swamp)
 34582 | Spider:1 | Got a scintillating iron ring
 34584 | Spider:1 | Identified the cursed ring of Ruevvi {*Drain MP+9 Str-3
                  | Stlth+} (You found it on level 1 of the Spider Nest)
 34739 | Spider:1 | Reached XP level 17. HP: 109/109 MP: 26/26
 35657 | Spider:2 | Noticed Kirke
 35685 | Spider:2 | Received a gift from Okawaru
 35687 | Spider:2 | Killed Kirke
 35700 | Spider:2 | Got a pair of spiked gloves {god gift}
 35751 | Spider:1 | Identified the +0 pair of gloves "Epnaz" {rPois Str+9 SInv}
                  | (Okawaru gifted it to you on level 2 of the Spider Nest)
 35840 | Spider:2 | Got a translucent iron amulet
 35925 | Spider:1 | Identified the amulet "Tuhoodim" {Inacc rPois MR+} (You
                  | found it on level 2 of the Spider Nest)
 36934 | Spider:3 | Noticed Arachne
 37505 | Spider:3 | Noticed Louise
 37543 | Spider:3 | Killed Louise
 37630 | Spider:3 | Identified a scroll of acquirement
 37632 | Spider:3 | Got a crude shield
 37643 | Spider:3 | Identified the +6 shield of Atimusef {Int+3} (You acquired
                  | it on level 3 of the Spider Nest)
 37755 | Spider:3 | Killed Arachne
 37890 | Spider:4 | Entered Level 4 of the Spider Nest
 38857 | Spider:4 | Received a gift from Okawaru
 39211 | Spider:4 | Received a gift from Okawaru
 40094 | Spider:4 | Received a gift from Okawaru
 40104 | Spider:4 | Got a pair of heavily runed boots {god gift}
 40110 | Spider:4 | Identified the +3 pair of boots of Qobbelest {+Inv rN++
                  | Int-5 SInv} (Okawaru gifted it to you on level 4 of the
                  | Spider Nest)
 40212 | Spider:4 | Reached XP level 18. HP: 110/117 MP: 25/27
 40467 | Spider:4 | Got a gossamer rune of Zot
 40908 | D:12     | Got a warped hunting sling
 40910 | D:12     | Identified the +1 hunting sling of Ralior {flame, rElec
                  | rPois MP-9 Int+3} (You found it on level 12 of the Dungeon)
 42288 | Lair:6   | Got a bloodstained buckler
 42302 | Lair:6   | Identified the +1 buckler of Duck's Teeth {rElec Regen+
                  | Int-4 SInv} (You found it on level 6 of the Lair of Beasts)
 44519 | D:14     | Found a gate to the Vaults.
 44532 | Vaults:1 | Entered Level 1 of the Vaults
 44648 | D:14     | Found a viscous altar of Jiyva.
 44690 | D:15     | Entered Level 15 of the Dungeon
 45152 | D:15     | Received a gift from Okawaru
 45307 | D:15     | Found a staircase to the Depths.
 45741 | Vaults:1 | Reached skill level 15 in Fighting
 45744 | Vaults:1 | Reached skill level 15 in Shields
 45942 | D:14     | Reached skill level 15 in Armour
 46049 | D:14     | Reached XP level 19. HP: 113/124 MP: 25/29
 46676 | Vaults:1 | Found Zukunk's General Store.
 47252 | Vaults:1 | Received a gift from Okawaru
 47442 | Vaults:1 | Got a pair of crude gloves {god gift}
 47453 | Vaults:1 | Identified the +2 pair of gloves of Springtime {rPois}
                  | (Okawaru gifted it to you on level 1 of the Vaults)
 49477 | Vaults:2 | Reached XP level 20. HP: 123/131 MP: 26/30
 50385 | Vaults:2 | Found Xaose's Armour Boutique.
 50433 | Vaults:2 | Bought the +12 gold dragon scales of the Snake Pit {rPois
                  | rF+ rC+ MR- Dex+2 Slay+3} for 1788 gold pieces
 50613 | Vaults:2 | Received a gift from Okawaru
 50777 | Vaults:2 | Got a slimy fustibalus {god gift}
 50778 | Vaults:2 | Identified the +9 fustibalus "Fafiulev" {velocity, Fragile
                  | rF+ rN+ Int+4} (Okawaru gifted it to you on level 2 of the
                  | Vaults)
 51443 | Vaults:3 | Noticed Saint Roka
 51460 | Vaults:3 | Killed Saint Roka
 51865 | Vaults:3 | Noticed Xtahua
 51868 | Vaults:3 | Reached skill level 15 in Invocations
 51883 | Vaults:3 | Received a gift from Okawaru
 51893 | Vaults:3 | Killed Xtahua
 52180 | Vaults:3 | Got a shimmering hand axe {god gift}
 52181 | Vaults:3 | Identified the +1 hand axe of Wemiureu {pain, rN+} (Okawaru
                  | gifted it to you on level 3 of the Vaults)
 52247 | Vaults:3 | Found Taed's Assorted Antiques.
 52448 | Vaults:3 | Found a staircase to the Crypt.
 52448 | Vaults:3 | Found a basalt altar of Yredelemnul.
 52449 | Vaults:3 | Found an ancient bone altar of Kikubaaqudgha.
 54002 | Elf:1    | Entered Level 1 of the Elven Halls
 54953 | Elf:1    | Reached XP level 21. HP: 130/137 MP: 29/32
 55200 | Elf:2    | Received a gift from Okawaru
 55829 | Elf:2    | Found a runed gate.
 55829 | Elf:2    | Found a runed gate.
 55830 | Elf:2    | Found a runed gate.
 56646 | Elf:3    | Entered Level 3 of the Elven Halls
 56646 | Elf:3    | Found Seoled's Antique Weapon Emporium.
 56986 | Elf:3    | Found a runed gate.
 56987 | Elf:3    | Found a runed gate.
 56987 | Elf:3    | Found a runed gate.
 56989 | Elf:3    | Noticed HEYYEYAAE's ghost (adept DgGl)
 56995 | Elf:3    | Found an iron altar of Okawaru.
 57004 | Elf:3    | Received a gift from Okawaru
 57029 | Elf:3    | Killed HEYYEYAAE's ghost
 57617 | Elf:3    | Got a crude ring mail
 57628 | Elf:3    | Identified the +0 ring mail of Imperfection {rPois Dex+3}
                  | (You found it on level 3 of the Elven Halls)
 57917 | Elf:3    | HP: 4/139 [sun demon[a deep elf demonologist] (5)]
 58645 | Elf:3    | Reached XP level 22. HP: 97/144 MP: 29/34
 59132 | Elf:3    | Found the +8 longbow "Zephyr" {speed, Dex+3 SInv}
 59139 | Elf:3    | Identified the Tome of Blistering Battle Magic
 59157 | Elf:3    | Got a brightly glowing hunting sling
 59158 | Elf:3    | Identified the +8 hunting sling of Resourcefulness {flame,
                  | *Contam rPois Str-5 Dex+6} (You found it on level 3 of the
                  | Elven Halls)
 59290 | Elf:3    | Identified a +2 pair of boots of running (You found it on
                  | level 3 of the Elven Halls)
 59307 | Elf:3    | Found the +2 pair of boots of the Assassin {Detection Stab+
                  | Stlth++}
 59444 | Elf:3    | Got a flickering gossamer ring
 59446 | Elf:3    | Identified the ring of Neop {-Tele rC+ Str+5 Int+3} (You
                  | took it off a deep elf high priest on level 3 of the Elven
                  | Halls)
 59472 | Elf:3    | Got a warped wooden ring
 59474 | Elf:3    | Identified the ring of Hilor {rN+ MP+9 Str+2 Dex-5} (You
                  | took it off a deep elf blademaster on level 3 of the Elven
                  | Halls)
 61494 | Vaults:4 | Received a gift from Okawaru
 61564 | Vaults:4 | Reached skill level 1 in Dodging
 64114 | Vaults:4 | Received a gift from Okawaru
 64913 | Depths:1 | Entered Level 1 of the Depths
 65139 | Depths:1 | Found a gateway to Hell.
 65640 | D:15     | Learned a level 1 spell: Summon Butterflies
 65644 | D:15     | Learned a level 3 spell: Regeneration
 65647 | D:15     | Learned a level 2 spell: Swiftness
 66008 | Depths:1 | Received a gift from Okawaru
 66067 | Depths:1 | Got a pair of steaming gloves {god gift}
 66078 | Depths:1 | Identified the -2 pair of gloves of the Tundras {Str+2}
                  | (Okawaru gifted it to you on level 1 of the Depths)
 67188 | Depths:1 | Found a one-way gate leading to the halls of Pandemonium.
 67194 | Depths:1 | Reached skill level 5 in Dodging
 68671 | Depths:2 | Reached XP level 23. HP: 149/152 MP: 33/35
 68879 | Depths:2 | Found Sobb's Assorted Antiques.
 69058 | Depths:2 | Found Asaykuan's Jewellery Emporium.
 69073 | Depths:2 | Found Vuqolong's Gadget Shop.
 69074 | Depths:2 | Found Etaos's Jewellery Emporium.
 69266 | Depths:2 | Found Luol's Antique Weapon Emporium.
 69954 | Depths:2 | Noticed Sojobo
 70446 | Depths:2 | Killed Sojobo
 70824 | Depths:2 | Got a warped marble ring
 70826 | Depths:2 | Identified the ring "Etulao Coce" {rCorr rF- Str+3 Int+5
                  | Dex+4} (You found it on level 2 of the Depths)
 71199 | Depths:3 | Found a one-way gate to the infinite horrors of the Abyss.
 71766 | Depths:3 | Found Kuploed's Elemental Accessories.
 72102 | Depths:3 | Noticed a caustic shrike
 72111 | Depths:3 | Killed a caustic shrike
 72196 | Depths:3 | Received a gift from Okawaru
 73735 | Depths:3 | Found a shattered altar of Ashenzari.
 74251 | Depths:3 | Reached XP level 24. HP: 160/160 MP: 35/35
 74901 | Depths:4 | Reached skill level 10 in Dodging
 75183 | Depths:4 | Found the +8 Wrath of Trog {antimagic, *Rage}
 75838 | Depths:4 | Found a gateway to a ziggurat.
 76052 | Depths:4 | Found a corrupted altar of Lugonu.
 76066 | Depths:4 | Reached skill level 1 in Summonings
 76478 | Depths:5 | Entered Level 5 of the Depths
 76575 | Depths:4 | Received a gift from Okawaru
 77251 | Depths:5 | Noticed a juggernaut
 77520 | Depths:4 | Killed a juggernaut
 78674 | Depths:5 | Noticed Frederick
 78830 | Depths:5 | Killed Frederick
 78830 | Depths:5 | Received a gift from Okawaru
 79022 | Depths:5 | Got a pair of encrusted boots {god gift}
 79033 | Depths:5 | Identified the -5 pair of boots of Polish {Int+8} (Okawaru
                  | gifted it to you on level 5 of the Depths)
 79197 | Depths:5 | Found a portal to a secret trove of treasure.
 80118 | Depths:5 | Found a gate to the Realm of Zot.
 80791 | Depths:5 | Upgraded the game from 0.22.0-38-g04b72b8 to
                  | 0.22.0-40-g68aacdc
 81150 | Vaults:3 | Bought a scroll of teleportation for 135 gold pieces
 81212 | Vaults:5 | Entered Level 5 of the Vaults
 81253 | Vaults:4 | Reached XP level 25. HP: 162/168 MP: 34/35
 81276 | Vaults:4 | Reached skill level 5 in Summonings
 81734 | Vaults:4 | Received a gift from Okawaru
 82332 | Vaults:5 | Noticed an ancient lich
 82406 | Vaults:4 | Reached skill level 1 in Charms
 82406 | Vaults:4 | Reached skill level 1 in Air Magic
 82571 | Vaults:4 | Reached skill level 1 in Necromancy
 83695 | Vaults:4 | Received a gift from Okawaru
 85072 | Vaults:4 | Got a glittering wooden ring
 85076 | Vaults:4 | Identified the ring "Giakh" {rC+ rN+ EV+4 Str+2 Int+2} (You
                  | took it off an ogre mage on level 4 of the Vaults)
 85454 | Vaults:5 | Killed an ancient lich
 85947 | Vaults:4 | Received a gift from Okawaru
 85957 | Vaults:4 | Got a pair of heavily runed gloves {god gift}
 85968 | Vaults:4 | Identified the +2 pair of gloves of Gestures {Int+5}
                  | (Okawaru gifted it to you on level 4 of the Vaults)
 86160 | Vaults:5 | Noticed an ancient lich
 86184 | Vaults:4 | Killed an ancient lich
 86184 | Vaults:4 | Reached XP level 26. HP: 108/174 MP: 16/35
 86464 | Vaults:4 | Got a pair of brightly glowing boots
 86475 | Vaults:4 | Identified the +0 pair of boots of True Grit {rN+ MR++
                  | Int+2 Stlth-} (You acquired it on level 4 of the Vaults)
 86975 | Vaults:5 | Found Xifusas's Magic Scroll Shop.
 87007 | Vaults:5 | Bought a scroll of blinking for 105 gold pieces
 87007 | Vaults:5 | Bought a scroll of teleportation for 42 gold pieces
 87095 | Vaults:5 | Got a silver rune of Zot
 87112 | Vaults:5 | Found the +2 robe of Vines {NoPotionHeal Regen+7}
 87711 | Vaults:5 | Gained mutation: Armour fits poorly on your strangely
                  | shaped body. [mutagenic glow]
 87721 | Vaults:5 | Upgraded the game from 0.22.0-40-g68aacdc to
                  | 0.22.0-49-gab54619
 88067 | Zot:1    | Entered Level 1 of the Realm of Zot
 89001 | Zot:1    | Received a gift from Okawaru
 89905 | Zot:2    | Reached skill level 5 in Charms
 89918 | Zot:2    | Received a gift from Okawaru
 90886 | Zot:2    | Reached skill level 5 in Necromancy
 90955 | Zot:2    | Got a bloodstained hunting sling {god gift}
 90965 | Zot:1    | Identified the +4 hunting sling of Dishonesty {flame, rC+
                  | MP+9 Int+4} (Okawaru gifted it to you on level 2 of the
                  | Realm of Zot)
 91598 | Zot:2    | Reached skill level 5 in Air Magic
 93259 | Zot:2    | Received a gift from Okawaru
 93259 | Zot:2    | Reached XP level 27. HP: 123/181 MP: 25/35
 96231 | Zot:3    | Noticed an ancient lich
 96251 | Zot:3    | Killed an ancient lich
 96585 | Zot:3    | Received a gift from Okawaru
 96586 | Zot:3    | Found the +18 shield of the Gong {rElec rN+ MR+ EV-5}
 96822 | Zot:4    | Noticed an orb of fire
 96825 | Zot:4    | Gained mutation: Your spells are a little easier to cast,
                  | but a little less powerful. [an orb of fire]
 96827 | Zot:4    | Gained mutation: Your spells are easier to cast, but less
                  | powerful. [an orb of fire]
 96844 | Zot:3    | Gained mutation: You have a somewhat thin skeletal
                  | structure. (Dex +2, Stealth) [an orb of fire]
 96852 | Zot:3    | Gained mutation: You are frail. (-10% HP) [an orb of fire]
 96866 | Zot:3    | Killed an orb of fire
 96866 | Zot:3    | Reached skill level 15 in Dodging
 98089 | Zot:4    | Noticed Tiamat
 98606 | Zot:3    | Killed Tiamat
100059 | Zot:5    | Entered Level 5 of the Realm of Zot
101539 | Zot:4    | Received a gift from Okawaru
101540 | Zot:4    | Found the -2 hat of the Alchemist {rElec rPois rF+ rC+ rN+
                  | MR+ rMut rCorr}
102999 | Zot:5    | Reached skill level 10 in Summonings
103563 | Zot:5    | HP: 5/164 [electric golem (6)]
103563 | Zot:5    | Slain by an electric golem

Skill      XL: |  1  2  3  4  5  6  7  8  9 10 11 12 13 14 15 16 17 18 19 20 21 22 23 24 25 26 27 |
---------------+----------------------------------------------------------------------------------+-----
Axes           | 2 3 4 5 6 8 9 10 11 12 13 14 15 16 17 18 19 | 19.8
Shields        | 4 5 6 7 8 9 10 11 12 13 14 15 16 17 18 19 20 21 | 21.4
Fighting       | 4 5 6 7 8 9 10 11 12 13 14 15 16 17 18 19 20 21 | 21.5
Armour         | 4 5 6 7 8 9 10 11 12 13 14 15 16 17 | 17.6
Invocations    | 2 4 5 7 8 10 11 12 13 14 15 16 | 16.1
Evocations     | 1 3 4 5 7 |  7.9
Dodging        | 5 9 11 13 14 15 | 15.7
Summonings     | 4 6 8 10 | 10.1
Charms         | 3 5 8 |  8.5
Air Magic      | 3 5 7 |  7.7
Necromancy     | 3 5 7 |  7.7

Action                   |  1- 3 |  4- 6 |  7- 9 | 10-12 | 13-15 | 16-18 | 19-21 | 22-24 | 25-27 || total
-------------------------+-------+-------+-------+-------+-------+-------+-------+-------+-------++-------
Melee: War axe           |   125 |   200 |   103 |       |       |       |       |       |       ||   428
       Broad axe         |       |       |   265 |   669 |  1384 |  1374 |  1221 |  1688 |  1886 ||  8487
       Morningstar       |       |       |       |    17 |       |       |       |       |       ||    17
       Whip              |       |       |       |       |    52 |       |       |       |       ||    52
 Fire: Blowgun           |       |       |     6 |     7 |       |       |       |       |       ||    13
       Hunting sling     |       |       |       |       |     2 |       |       |       |       ||     2
Invok: Heroism           |       |       |       |     6 |    14 |     9 |     9 |    14 |    24 ||    76
       Finesse           |       |       |       |       |     3 |       |     3 |     1 |     6 ||    13
 Abil: Evoke Berserk Rag |       |       |       |     1 |       |       |       |       |       ||     1
Evoke: Phantom mirror    |       |       |       |       |       |     1 |       |       |       ||     1
  Use: Scroll            |       |       |     8 |    10 |    19 |    15 |    10 |     8 |     5 ||    75
       Potion            |       |       |       |       |     1 |       |     2 |       |     1 ||     4
 Stab: Distracted        |       |       |       |       |       |       |     1 |     1 |     1 ||     3
       Confused          |       |       |       |       |       |       |       |       |     1 ||     1
  Eat: Chunk             |     1 |     5 |    13 |    19 |    42 |    29 |    27 |    36 |    23 ||   195
       Ration            |       |     1 |     4 |     3 |     2 |     6 |     4 |    11 |    14 ||    45
Armor: Scale mail        |    81 |    46 |       |       |       |       |       |       |       ||   127
       Chain mail        |       |    30 |       |       |       |       |       |       |       ||    30
       Plate armour      |       |    40 |   285 |   523 |   935 |   980 |   352 |   755 |   176 ||  4046
       Gold dragon scale |       |       |       |       |       |       |       |    21 |   737 ||   758
Dodge: Dodged            |    38 |    45 |    45 |   155 |   308 |   291 |   109 |   365 |   426 ||  1782
Block: Shield            |    56 |   112 |   211 |   489 |   939 |   467 |       |       |   817 ||  3091
       Large shield      |       |       |       |       |       |   940 |  1246 |  2327 |  1558 ||  6071
       Reflection        |       |       |       |       |       |    35 |   118 |   169 |    88 ||   410
